 Dungeon Sprint DCSS version 0.21-a0-59-g7b0e191 (webtiles) character file.

982 Kidiri the Covert (level 7, -1/37 HPs)
             Began as a Spriggan Enchanter on June 16, 2017.
             Was a Follower of Wu Jian.
             Slain by a deep troll (15 damage)
             ... in the Dungeon (Sprint I: "Red Sonja").
             The game lasted 00:02:50 (453 turns).

Kidiri the Covert (Spriggan Enchanter)               Turns: 453, Time: 00:02:50

Health: -1/37      AC:  4    Str:  4    XL:     7   Next: 96%
Magic:  10/20      EV: 27    Int: 17    God:    Wu Jian [*.....]
Gold:   35         SH:  0    Dex: 18    Spells: 12/24 levels left

rFire    . . .     SeeInvis +   a - +2 dagger
rCold    . . .     Gourm    .   (shield restricted)
rNeg     . . .     Faith    .   b - +2 robe
rPois    .         Spirit   .   (helmet restricted)
rElec    .         Reflect  .   (no cloak)
rCorr    .         Harm     +   (gloves unavailable)
MR       +....     NoTele   +   (boots unavailable)
Stlth    +++++.....             i - amulet of harm
HPRegen  0.12/turn              (no ring)
MPRegen  0.17/turn              (no ring)

@: very quick
A: unfitting armour, see invisible, herbivore 3, speed 3, slow metabolism 2
a: Renounce Religion


You were in the Dungeon.
You worshipped Wu Jian.
Wu Jian was aware of your devotion.
You were not hungry.

You visited 1 branch You collected 405 gold pieces.
You spent 370 gold pieces at shops.

Inventory:

Hand Weapons
 a - a +2 dagger (weapon)
Armour
 b - a +2 robe (worn)
Jewellery
 i - an amulet of harm (around neck)
Scrolls
 j - 2 scrolls of blinking
 k - a scroll of remove curse
 l - a scroll of fog
 n - a scroll of identify
Potions
 f - a potion of heal wounds
 g - 2 potions of haste
 h - 2 potions of magic
Books
 c - a book of Maledictions

   Spells                             Type                      Level
   a - Corona                         Hexes                        1
   b - Ensorcelled Hibernation        Hexes/Ice                    2
   c - Confuse                        Hexes                        3
   d - Tukima's Dance                 Hexes                        3
   e - Dazzling Spray                 Conjuration/Hexes            3
Comestibles
 d - a bread ration


   Skills:
 + Level 4.2 Fighting
 * Level 8.1 Short Blades
 + Level 3.8 Armour
 * Level 10.8 Dodging
 * Level 12.1 Stealth
 * Level 9.3 Spellcasting
 + Level 7.3 Hexes


You had 12 spell levels left.
You knew the following spells:

 Your Spells              Type           Power        Failure   Level  Hunger
a - Corona                Hex            ####...      1%          1    None
b - Ensorcelled Hibernat  Hex/Ice        ###...       3%          2    None
c - Confuse               Hex            ####....     1%          3    None
d - Tukima's Dance        Hex            ####....     1%          3    None
e - Dazzling Spray        Conj/Hex       ###...       6%          3    None


Dungeon Overview and Level Annotations

Branches:
Dungeon (1/1)

Altars:
Cheibriados
Dithmenos
Elyvilon
Fedhas
Gozag
Hepliaklqana
Kikubaaqudgha
Nemelex Xobeh
Okawaru
Qazlal
Ru
Sif Muna
Trog
Uskayaw
Vehumet
Wu Jian
Yredelemnul
Zin
The Shining One

Shops:
D ?}

Annotations:
D exclusion: 4 doors


Innate Abilities, Weirdness & Mutations

You are very small and have problems with some larger weapons.
You are too small for most types of armour.
You have supernaturally acute eyesight. (SInv)
You are a herbivore.
You cover ground extremely quickly.
You need consume almost no food.


Message History

The deep troll bites you but does no damage.
The deep troll misses you. The deep troll claws you!
* * * LOW HITPOINT WARNING * * *
Unknown command.
You strike the helpless deep troll from behind!
You impale the deep troll!!
The deep troll is severely wounded.
You feel better.
You hit the deep troll but do no damage.
The deep troll is severely wounded.
There is an open door here.
You hit the deep troll.
The deep troll is severely wounded.
Unknown command.
You see here 14 stones.
You hit the deep troll but do no damage.
The deep troll is severely wounded.
The deep troll completely misses you. The deep troll closely misses you.
The deep troll claws you!
You die...

################
#<.#..'..#.)'..#
#..'..#.)'..#..+
#..#####+#####'#
#).####..#...#@#
#..#__####..##T#
#..#_____##+#_.+
#⌠⌠#_.∩..%+..._#
####_..__##_.#+#
#_____###'#.#
############.####+###
#∩........+...'$$.$$+
###++++####.).#######


You could see a deep troll (confused).

Vanquished Creatures
  Sonja (D)
  Sigmund (D)
  A yak (D)
  An ogre (D)
  A jelly (D)
  Ijyb (D)
6 creatures vanquished.

Notes
Turn   | Place    | Note
-------+----------+-------------------------------------------
     0 | D        | Kidiri the Spriggan Enchanter began the quest for the Orb.
     0 | D        | Reached XP level 1. HP: 9/9 MP: 5/5
     2 | D        | Noticed Ijyb
    27 | D        | Killed Ijyb
    27 | D        | Reached skill level 1 in Fighting
    27 | D        | Reached skill level 5 in Stealth
    27 | D        | Reached XP level 2. HP: 5/14 MP: 4/7
   268 | D        | Learned a level 2 spell: Ensorcelled Hibernation
   272 | D        | Noticed an ogre
   274 | D        | Killed an ogre
   274 | D        | Reached skill level 1 in Armour
   274 | D        | Reached skill level 7 in Stealth
   274 | D        | Reached skill level 5 in Spellcasting
   274 | D        | Reached skill level 5 in Hexes
   274 | D        | Reached XP level 3. HP: 18/18 MP: 7/10
   274 | D        | Reached XP level 4. HP: 23/23 MP: 8/12
   289 | D        | Noticed Sigmund
   293 | D        | Killed Sigmund
   293 | D        | Reached skill level 5 in Short Blades
   293 | D        | Reached skill level 9 in Stealth
   293 | D        | Reached XP level 5. HP: 28/28 MP: 8/15
   298 | D        | Learned a level 3 spell: Confuse
   302 | D        | Learned a level 3 spell: Tukima's Dance
   306 | D        | Learned a level 3 spell: Dazzling Spray
   320 | D        | Found an ornate altar of the Wu Jian Council.
   320 | D        | Found a deep blue altar of Sif Muna.
   322 | D        | Found a radiant altar of Vehumet.
   325 | D        | Became a worshipper of the Wu Jian Council
   327 | D        | Reached XP level 6. HP: 32/32 MP: 13/17
   357 | D        | Found Fiffoo's Gadget Emporium.
   357 | D        | Found an ancient bone altar of Kikubaaqudgha.
   357 | D        | Found a hazy altar of Hepliaklqana.
   357 | D        | Found a stormy altar of Qazlal.
   357 | D        | Found a hide-covered altar of Uskayaw.
   357 | D        | Found a blossoming altar of Fedhas.
   357 | D        | Found a bloodstained altar of Trog.
   357 | D        | Found an iron altar of Okawaru.
   357 | D        | Found a basalt altar of Yredelemnul.
   357 | D        | Found a glowing golden altar of the Shining One.
   357 | D        | Found a snail-covered altar of Cheibriados.
   357 | D        | Found a sacrificial altar of Ru.
   357 | D        | Found a glowing silver altar of Zin.
   357 | D        | Found a shadowy altar of Dithmenos.
   357 | D        | Found a white marble altar of Elyvilon.
   357 | D        | Noticed a yak
   358 | D        | Found an opulent altar of Gozag.
   359 | D        | Killed a yak
   359 | D        | Reached skill level 10 in Stealth
   360 | D        | Found a sparkling altar of Nemelex Xobeh.
   373 | D        | Noticed Sonja
   377 | D        | Killed Sonja
   377 | D        | Reached * piety under Wu Jian
   377 | D        | Reached skill level 10 in Dodging
   377 | D        | Reached skill level 12 in Stealth
   377 | D        | Reached XP level 7. HP: 37/37 MP: 17/20
   394 | D        | Found Weteppew's Magic Scroll Boutique.
   402 | D        | Bought a scroll of remove curse for 30 gold pieces
   402 | D        | Bought a scroll of fog for 20 gold pieces
   402 | D        | Bought a scroll of enchant armour for 75 gold pieces
   402 | D        | Bought a scroll of identify for 20 gold pieces
   402 | D        | Bought a scroll of blinking for 75 gold pieces
   402 | D        | Bought a scroll of enchant armour for 75 gold pieces
   402 | D        | Bought a scroll of enchant weapon for 75 gold pieces
   418 | D        | Noticed a deep troll
   453 | D        | Slain by a deep troll

Vault maps used:
D:        dungeon_sprint_1

Skill      XL: |  1  2  3  4  5  6 |
---------------+-------------------+-----
Fighting       | 1 2 3 4 |  4.2
Short Blades   | 2 4 5 8 |  8.1
Dodging        | 4 6 8 10 | 10.8
Stealth        | 5 7 9 12 | 12.1
Spellcasting   | 3 5 6 7 9 |  9.3
Hexes          | 4 5 7 |  7.3
Armour         | 1 2 3 |  3.8

Action                   |  1- 3 |  4- 6 |  7- 9 || total
-------------------------+-------+-------+-------++-------
Melee: Dagger            |    17 |     5 |     9 ||    31
 Cast: Corona            |     2 |       |       ||     2
       Ensorcelled Hiber |       |     1 |     5 ||     6
       Confuse           |       |       |     1 ||     1
  Use: Potion            |     1 |       |     1 ||     2
       Scroll            |       |       |     3 ||     3
 Stab: Sleeping          |     1 |     4 |       ||     5
       Confused          |       |       |     1 ||     1
Armor: Robe              |       |       |     1 ||     1
Dodge: Dodged            |    10 |       |    10 ||    20
